 Dungeon Crawl Stone Soup version 0.31-a0-232-gb1c03b2570 (webtiles) character file.

Game seed: 8144637421020211186

456 qw the Shooter (level 6, -1/53 HPs)
             Began as a Minotaur Hexslinger on July 7, 2023.
             Slain by a kobold brigand
             ... wielding a +0 dagger
              (4 damage)
             ... in a sewer.
             The game lasted 00:01:07 (2386 turns).

qw the Shooter (Minotaur Hexslinger)                Turns: 2386, Time: 00:01:07

Health: -1/53      AC:  7    Str: 13    XL:     6   Next: 77%
Magic:  6/6        EV: 11    Int: 10    God:
Gold:   203        SH:  0    Dex: 14    Spells: 6/7 levels left

rFire   . . .        b - +1 sling (heavy)
rCold   . . .        (no shield)
rNeg    . . .        f - +0 ring mail
rPois   .            (helmet restricted)
rElec   .            k - +1 cloak
rCorr   .            (no gloves)
SInv    .            (no boots)
Will    .....        a - amulet of regeneration
Stlth   +            (no ring)
HPRegen 1.08/turn    (no ring)
MPRegen 0.10/turn

%: no passive effects
@: about to teleport
A: horns 2, retaliatory headbutt
a: no special abilities


You were in a sewer.
You visited 1 branch of the dungeon, and saw 4 of its levels.
You also visited: Sewer.

You collected 203 gold pieces.


Innate Abilities, Weirdness & Mutations

You have a pair of horns on your head.
You reflexively headbutt those who attack you in melee.


   Skills:
 - Level 4.6 Fighting
 + Level 6.7 Ranged Weapons
 - Level 1.1 Armour
 - Level 2.1 Dodging
 - Level 1.0 Spellcasting
 - Level 2.0 Hexes


You had 6 spell levels left.
You knew the following spells:

 Your Spells              Type           Power      Damage    Failure   Level
a - Slow                  Hex            16%        N/A       32%         1

Your spell library contained the following spells:

 Spells                   Type           Power      Damage    Failure   Level
 Inner Flame              Hex/Fire       2%         N/A       82%         3
 Portal Projectile        Hex/Tloc       4%         N/A       82%         3
 Cause Fear               Hex            2%         N/A       97%         4

Inventory:

Hand Weapons
 b - a +1 heavy sling (weapon)
Armour
 f - a +0 ring mail (worn)
 k - a +1 cloak (worn)
Jewellery
 a - an amulet of regeneration (around neck)
Scrolls
 h - a scroll of identify
 i - a scroll of teleportation
Potions
 c - a potion of curing {unknown}
 d - 2 potions of might
 e - a potion of haste
 g - a potion of heal wounds {unknown}
 j - a potion of degeneration {unknown}
 l - a potion of magic {unknown}

Dungeon Overview and Level Annotations

Branches:
Dungeon (4/15)              Sewer (1/1)
 Temple: D:4-7

Altars:


Message History

The kobold brigand hits you with a +0 dagger. x2
The kobold brigand hits you but does no damage.
The kobold brigand misses you. x2; The kobold brigand closely misses you.
The kobold brigand barely misses you.
The kobold brigand hits you but does no damage.
You shoot a sling bullet.
The sling bullet closely misses the kobold brigand.
The kobold brigand barely misses you. The kobold brigand closely misses you.
The kobold brigand hits you with a +0 dagger.
The kobold brigand closely misses you.
The kobold brigand hits you with a +0 short sword!
The kobold brigand hits you but does no damage.
You shoot a sling bullet.
The sling bullet barely misses the kobold brigand.
The kobold brigand hits you with a +0 short sword.
The kobold brigand barely misses you. You furiously retaliate!
You headbutt the kobold brigand.
The kobold brigand completely misses you.
The kobold brigand hits you but does no damage.
The kobold brigand barely misses you.
The kobold brigand hits you with a +0 dagger.
The kobold brigand closely misses you. You furiously retaliate!
You headbutt the kobold brigand.
The kobold brigand hits you but does no damage.
The kobold brigand hits you with a +0 dagger.
You shoot a sling bullet.
The sling bullet hits the kobold brigand.
The kobold brigand is moderately wounded.
The kobold brigand barely misses you.
The kobold brigand hits you with a +0 dagger. x3
The kobold brigand hits you with a +0 short sword.
The kobold brigand closely misses you.
2386 ||| READING 2 scrolls of teleportation.
As you read the scroll of teleportation, it crumbles to dust.
You feel strangely unstable.
You feel yourself speed up. The kobold brigand misses you.
The kobold brigand barely misses you.
The kobold brigand hits you but does no damage.
The kobold brigand hits you with a +0 dagger.
You die...

#...##~~~~~~....#
#..##~~~~~~....%##
##..##~~~~~~.~....#
#....#~~~~~~~.....#
##%%...~~~~~~~~....#
#....~.~~~~~~~....##
#...~.~~~~~~~~....#
#..KK~~~~~~~~~~...#
#.KK@~~~~~~~~~).)##
##K###~~~~~~###)###
.... ~~~~~~#.....#
#..... ~~~~~#.....#
##...## ~~~~##...##
)...! ~~#.....#
#!.#!! ~#!.#..# ###
### ####### ~~~~~~~~


You could see 3 kobold brigands and 2 kobolds.

Vanquished Creatures
  Edmund (D:4)
  A kobold brigand (Sewer)
  A scorpion (D:4)
  An iguana (D:4)
  Natasha (D:1)
  4 adders
  3 river rats (Sewer)
  4 worms
  A dart slug (D:2)
  4 orcs (D:3)
  6 endoplasms
  3 giant cockroaches
  7 goblins
  3 hobgoblins
  3 jackals (D:1)
  7 kobolds
  3 quokkas
  7 ball pythons
  6 bats
  5 frilled lizards
  25 rats
96 creatures vanquished.

Notes
Turn   | Place    | Note
-------+----------+-------------------------------------------
     0 | D:1      | qw the Minotaur Hexslinger began the quest for the Orb.
     0 | D:1      | Reached XP level 1. HP: 16/16 MP: 1/1
     0 | D:1      | 0 ||| qw: Version: 0.3-a-46-gb1f654a
     0 | D:1      | 0 ||| qw: Game counter: 2635
     0 | D:1      | 0 ||| qw: Melee chars always use a shield: true
     0 | D:1      | 0 ||| qw: God list: Okawaru
     0 | D:1      | 0 ||| qw: Allow faded altars: false
     0 | D:1      | 0 ||| qw: Do Orc after clearing Dungeon:15 true
     0 | D:1      | 0 ||| qw: Do second Lair branch before Depths: true
     0 | D:1      | 0 ||| qw: Lair rune preference: random
     0 | D:1      | 0 ||| qw: Goals: Normal
     0 | D:1      | 0 ||| PLANNING D:1-11
   254 | D:1      | Reached skill level 3 in Ranged Weapons
   254 | D:1      | Reached XP level 2. HP: 23/23 MP: 2/2
   600 | D:1      | 600 ||| UPGRADING to +0 leather armour.
   610 | D:1      | 610 ||| DROPPING +0 robe.
   611 | D:1      | 611 ||| UPGRADING to +0 ring mail.
   621 | D:1      | 621 ||| DROPPING +0 leather armour.
   622 | D:1      | 622 ||| READING scroll labelled DAGIMO XYRIRPHE.
   623 | D:1      | 623 ||| READING scroll labelled VEPNUOKAUH.
   627 | D:1      | 627 ||| READING scroll labelled SIUCKU MEOM.
   628 | D:1      | 628 ||| DROPPING scroll of poison.
   654 | D:2      | Noticed Natasha
   656 | D:2      | 656 ||| STAIRDANCE
   660 | D:1      | Killed Natasha
   661 | D:1      | Reached skill level 4 in Ranged Weapons
   661 | D:1      | Reached XP level 3. HP: 21/29 MP: 3/3
   920 | D:2      | Reached skill level 1 in Armour
  1353 | D:2      | 1353 ||| UPGRADING to amulet of regeneration.
  1358 | D:2      | 1358 ||| READING scroll labelled IFEWYG VOTITY.
  1359 | D:2      | 1359 ||| DRINKING 2 cyan potions.
  1419 | D:3      | Reached XP level 4. HP: 36/36 MP: 4/4
  1886 | D:3      | 1886 ||| UPGRADING to +0 cloak.
  1891 | D:3      | 1891 ||| READING scroll of enchant armour.
  1891 | D:3      | 1891 ||| ENCHANTING +0 cloak.
  1892 | D:3      | 1892 ||| READING 2 scrolls labelled NOGITHR PISACW.
  1893 | D:3      | 1893 ||| READING 2 scrolls of identify.
  1893 | D:3      | 1893 ||| IDENTIFYING smoky black potion
  1894 | D:3      | 1894 ||| DROPPING scroll of revelation.
  1916 | D:4      | 1916 ||| PLANNING SEWER
  2000 | D:4      | Noticed a scorpion
  2006 | D:4      | Killed a scorpion
  2007 | D:4      | Reached skill level 5 in Ranged Weapons
  2007 | D:4      | Reached XP level 5. HP: 29/41 MP: 5/5
  2128 | D:4      | Found a glowing drain.
  2138 | D:4      | Noticed Edmund
  2153 | D:4      | Killed Edmund
  2154 | D:4      | Reached XP level 6. HP: 30/53 MP: 6/6
  2176 | Sewer    | Entered a sewer
  2287 | Sewer    | Reached skill level 6 in Ranged Weapons
  2375 | Sewer    | 2375 ||| Stepping ~*~*~tactically~*~*~ (outnumbered).
  2376 | Sewer    | 2376 ||| Stepping ~*~*~tactically~*~*~ (outnumbered).
  2385 | Sewer    | HP: 12/53 [kobold brigand/+0 dagger (5)]
  2385 | Sewer    | HP: 2/53 [kobold brigand/+0 short sword (5)]
  2386 | Sewer    | 2386 ||| READING 2 scrolls of teleportation.
  2386 | Sewer    | Slain by a kobold brigand

Levels and vault maps discovered:
D:1:      mrwooster_arrival_arrow, layout_loops_cross
D:2:      layout_basic, st_stairs_7, uniq_natasha
D:3:      layout_basic
D:4:      wander_river, layout_basic, ashenzari_altar_1,
          minmay_temple_entry_nine_rooms, cheibrodos_sewer_entry_drain,
          uniq_edmund
Sewer:    sewer_minmay_treatment

Skill      XL: |  1  2  3  4  5  6 |
---------------+-------------------+-----
Ranged Weapons | 3 4 5 6 |  6.7
Fighting       | 2 4 |  4.6
Armour         | 1 |  1.1
Dodging        | |  2.1
Spellcasting   | |  1.0
Hexes          | |  2.0

Action                     |  1- 3 |  4- 6 || total
---------------------------+-------+-------++-------
   Fire: Sling             |   116 |   136 ||   252
    Use: Scroll            |     4 |     4 ||     8
         Potion            |     1 |       ||     1
 Armour: Robe              |     9 |       ||     9
         Ring mail         |     9 |    62 ||    71
  Dodge: Dodged            |    32 |    74 ||   106

Table legend:
 A = Non-vault XP
 B = Vault XP
 C = Vault XP percentage of total XP
 D = Non-vault monster count
 E = Vault monster count
 F = Vault count percentage of total count
                 A         B        C        D         E       F
            +---------+---------+-------+---------+---------+-------
      Total |     243 |     409 |  62.7 |      56 |      40 |  41.7
            +---------+---------+-------+---------+---------+-------
        D:1 |      29 |      35 |  54.7 |      19 |       1 |   5.0
        D:2 |      28 |       1 |   3.4 |      12 |       1 |   7.7
        D:3 |      56 |       0 |   0.0 |      20 |       0 |   0.0
        D:4 |     130 |     164 |  55.8 |       5 |       3 |  37.5
      Sewer |       0 |     209 | 100.0 |       0 |      35 | 100.0
            +---------+---------+-------+---------+---------+-------
